 Dungeon Crawl Stone Soup version 0.19-a0-854-gc78d25d (webtiles) character file.

18292 Implojin the Severer (level 12, -2/183 HPs)
             Began as a Minotaur Berserker on July 1, 2016.
             Was an Elder of Trog.
             Slain by a swamp worm (19 damage)
             ... on level 6 of the Lair of Beasts.
             The game lasted 00:26:58 (2799 turns).

Implojin the Severer (Minotaur Berserker)           Turns: 2799, Time: 00:26:58

Health: -2/183     AC: 14    Str: 32    XL:     12   Next: 26%
Magic:  2/2        EV:  9    Int:  4    God:    Trog [****..]
Gold:   58         SH: 12    Dex: 14    Spells: 0 memorised, 11 levels left

rFire  . . .     SeeInvis .     h - +1 war axe (chop)
rCold  . . .     Gourm    .     l - quicksilver dragon armour
rNeg   + . .     Faith    .     A - +3 shield of Xom's Esteem {MP-9 Str+4 Slay+4 Stlth+}
rPois  .         Spirit   .     (helmet restricted)
rElec  .         Dismiss  .     y - +1 cloak {MR+}
rCorr  .         Reflect  .     (no gloves)
SustAt .         Harm     .     m - +1 pair of boots
MR     ++...                    (no amulet)
Stlth  ..........               (no ring)
                                k - ring of positive energy

@: berserking, very quick, very resistant to hostile enchantments, extremely
unstealthy
A: retaliatory headbutt, horns 2
a: Berserk, Trog's Hand, Brothers in Arms, Burn Spellbooks, Renounce Religion


You were on level 6 of the Lair of Beasts.
You worshipped Trog.
Trog was greatly pleased with you.
You were not hungry.

You visited 2 branches of the dungeon, and saw 18 of its levels.

You collected 295 gold pieces.
You spent 237 gold pieces at shops.

Inventory:

Hand Weapons
 a - a +0 hand axe
 g - the +5 war axe "Uczuybro" {freeze, +Fly rN+ Int-4 Dex+2}
   (You found it on level 7 of the Dungeon)

   It has been specially enchanted to freeze those struck by it, causing extra
   injury to most foes and up to half again as much damage against particularly
   susceptible opponents.
   It can also slow down cold-blooded creatures.
   It affects your intelligence (-4).
   It affects your dexterity (+2).
   It protects you from negative energy.
   It lets you fly.
 h - a +1 war axe of chopping (weapon)
 r - a -1 war axe
 u - a +1 scimitar
Armour
 b - a +0 animal skin
 d - a +0 scale mail
 i - a +0 plate armour
 l - a quicksilver dragon armour (worn)
 m - a +1 pair of boots (worn)
 o - a +0 pair of boots
 s - a +0 buckler
 v - a +4 scale mail of poison resistance
 y - a +1 cloak of magic resistance (worn)
 z - a troll hide
 A - the +3 shield of Xom's Esteem (worn) {MP-9 Str+4 Slay+4 Stlth+}
   (You bought it in a shop on level 12 of the Dungeon)

   It affects your strength (+4).
   It affects your accuracy and damage with ranged weapons and melee attacks
   (+4).
   It affects your magic capacity (-9).
   It makes you more stealthy.
Rods
 e - a +0 lightning rod (10/10)
   (You found it on level 5 of the Dungeon)
Jewellery
 k - a ring of positive energy (left hand)
 D - a +5 ring of protection {unknown}
Wands
 w - a wand of teleportation (3/9)
 B - a wand of iceblast (6/15)
Scrolls
 q - 4 scrolls of remove curse
 E - a scroll of enchant armour
Potions
 j - 3 potions of flight
 n - a potion of brilliance
 x - a potion of degeneration {unknown}
 C - a potion of agility {unknown}
Comestibles
 c - a bread ration
 f - a meat ration
 p - 8 chunks of flesh


   Skills:
 * Level 15.8 Fighting
 - Level 17.0 Axes
 - Level 2.4 Armour
 - Level 2.1 Dodging


You had 11 spell levels left.
You didn't know any spells.

Dungeon Overview and Level Annotations

Branches:
Dungeon (12/15)              Lair (6/6) D:11         Shoals (0/4) Lair:4
    Orc (0/2) D:9
 Temple: D:4-7        Snake: Lair:2-4    Spider: Lair:2-4     Slime: Lair:5-6

Altars:
Pakellas
Trog
Yredelemnul

Shops:
D:4 [   D:7 =   D:12 [


Innate Abilities, Weirdness & Mutations

You reflexively headbutt those who attack you in melee.
You have a pair of horns on your head.


Message History

You kill the worm!
Trog accepts your kill.
You slash the worm! x2
You kill the worm!
Trog accepts your kill.
Unknown command.
You hit the worm.
The worm is severely wounded.
You slash the worm!
You kill the worm!
Trog accepts your kill.
You see here a worm corpse.
A swamp worm bursts forth from the water.
The swamp worm bites you!
* * * LOW HITPOINT WARNING * * *
A swamp worm bursts forth from the water.
The swamp worm barely misses you. The swamp worm bites you!
* * * LOW HITPOINT WARNING * * *
The swamp worm bites you!
* * * LOW HITPOINT WARNING * * *
A red film seems to cover your vision as you go berserk!
You feel yourself moving faster!
You feel mighty!
You feel somewhat more hungry. The swamp worm closely misses you.
Unknown command.
Unknown command.
Your unstable footing causes you to fumble your attack.
You block the swamp worm's attack.
Unknown command.
You slice the swamp worm!! You headbutt the swamp worm!
You kill the swamp worm!
Trog accepts your kill.
You slash the swamp worm!
The swamp worm bites you but does no damage.
Unknown command.
You slash the swamp worm! You headbutt the swamp worm!
You kill the swamp worm!
Trog accepts your kill.
A swamp worm bursts forth from the water.
The swamp worm bites you!!
You die...

+##.....#P.#...
........%.......
................
≈≈≈...........
≈≈≈≈......... ....≈≈
#######≈≈≈........
..≈≈≈≈##≈≈≈≈†#≈≈≈........
..≈≈≈≈#$≈w@≈†≈≈≈≈........
..≈≈≈≈##≈≈≈††#†≈≈........
..≈≈≈≈≈#######≈≈≈........
#.≈≈≈≈†≈≈≈≈≈≈≈≈≈.........
..≈≈≈≈.≈≈†≈≈≈≈....P......
#≈#.<..................
#≈....†................
#.≈≈#≈≈...................
..≈≈≈≈≈......†..#.........


You could see a swamp worm.

Vanquished Creatures
  The ghost of Akett the Carver, a novice MiGl of Cheibriados (D:8)
  An unseen horror (D:11)
  5 hill giants
  A deep elf mage (D:11)
  2 ugly things (D:11)
  Maurice (D:8)
  3 black mambas
  The ghost of Implojin the Cleaver, a novice MiBe of Trog (Lair:1)
  A centaur skeleton (D:11)
  Psyche (D:8)
  A gargoyle (D:10)
  4 spiny frogs
  A komodo dragon (Lair:2)
  3 trolls
  11 blink frogs
  12 yaks
  3 hippogriffs
  Edmund (D:5)
  2 swamp worms (Lair:6)
  A soldier ant (D:10)
  2 porcupines
  A water moccasin (Lair:2)
  A black bear (D:7)
  3 orc warriors (D:8)
  A sky beast (D:10)
  An ogre (D:4)
  3 wolves (D:11)
  4 centaurs
  A crocodile (Lair:6)
  3 giant frogs
  A big kobold (D:7)
  2 scorpions
  9 killer bees
  10 wights (D:8)
  2 crimson imps
  A giant frog zombie (D:10)
  A jelly (D:9)
  8 hounds
  3 orc priests
  3 giant frog skeletons
  7 orc wizards
  6 iguanas
  3 worker ants
  A hound zombie (D:9)
  A hound skeleton (D:11)
  A river rat (Lair:1)
  3 adders
  A howler monkey skeleton (D:5)
  An adder skeleton (D:4)
  7 worms (Lair:6)
  2 giant geckos
  20 orcs
  A giant cockroach (D:4)
  A goblin (D:2)
  A hobgoblin (D:2)
  6 jackals
  3 quokkas
  3 giant newts
  A goblin zombie (D:9)
  A hobgoblin skeleton (D:9)
  3 kobolds
  An orc zombie (D:9)
  A quokka zombie (D:9)
  4 plants (Lair:6)
195 creatures vanquished.

Vanquished Creatures (collateral kills)
  A spiny frog (Lair:6)
  2 blink frogs (Lair:6)
  6 yaks
  A wolf (D:11)
  An electric eel (D:11)
  2 hounds (D:11)
  2 worms (Lair:6)
15 creatures vanquished.

Grand Total: 210 creatures vanquished

Notes
Turn   | Place    | Note
-------+----------+-------------------------------------------
     0 | D:1      | Implojin the Minotaur Berserker began the quest for the Orb.
     0 | D:1      | Reached XP level 1. HP: 19/19 MP: 0/0
    70 | D:2      | Reached skill level 4 in Axes
    98 | D:4      | Noticed an orc wizard
    99 | D:4      | Noticed an orc wizard
   111 | D:4      | Noticed an orc wizard
   112 | D:4      | Killed an orc wizard
   112 | D:4      | Reached skill level 5 in Axes
   112 | D:4      | Reached XP level 2. HP: 17/26 MP: 1/1
   112 | D:4      | Reached XP level 3. HP: 20/31 MP: 2/2
   117 | D:4      | Reached skill level 6 in Axes
   117 | D:4      | Reached XP level 4. HP: 27/39 MP: 3/3
   187 | D:4      | Reached ** piety under Trog
   220 | D:4      | Noticed an ogre
   233 | D:4      | Killed an ogre
   233 | D:4      | Reached skill level 7 in Axes
   233 | D:4      | Reached XP level 5. HP: 45/45 MP: 4/4
   285 | D:4      | Found Ikyxawk's Antique Armour Shop.
   306 | D:4      | Reached skill level 8 in Axes
   306 | D:4      | Reached XP level 6. HP: 51/51 MP: 5/5
   400 | D:5      | Entered Level 5 of the Dungeon
   412 | D:5      | Found a basalt altar of Yredelemnul.
   465 | D:5      | Found a bloodstained altar of Trog.
   466 | D:5      | Found an oddly glowing altar of Pakellas.
   561 | D:5      | Noticed Edmund
   577 | D:5      | Killed Edmund
   577 | D:5      | Reached skill level 9 in Axes
   635 | D:7      | Reached XP level 7. HP: 57/57 MP: 6/6
   639 | D:7      | Reached skill level 10 in Axes
   714 | D:7      | Noticed a hippogriff
   720 | D:7      | Found Cuptint's Jewellery Boutique.
   725 | D:7      | Killed a hippogriff
   725 | D:7      | Reached skill level 11 in Axes
   756 | D:7      | Reached XP level 8. HP: 25/64 MP: 7/7
   843 | D:7      | Got a steaming war axe
   844 | D:7      | Lost intelligence.
   844 | D:7      | Identified the +5 war axe "Uczuybro" {freeze, +Fly rN+ Int-4 Dex+2} (You found it on level 7 of the Dungeon)
   943 | D:8      | Reached skill level 12 in Axes
   945 | D:8      | Noticed Akett's ghost (novice MiGl)
   945 | D:8      | Reached skill level 4 in Fighting
   970 | D:7      | Reached skill level 5 in Fighting
  1101 | D:7      | Reached *** piety under Trog
  1165 | D:8      | Reached skill level 6 in Fighting
  1191 | D:8      | Reached skill level 7 in Fighting
  1275 | D:8      | Reached skill level 8 in Fighting
  1299 | D:8      | Killed Akett's ghost
  1299 | D:8      | Reached skill level 9 in Fighting
  1299 | D:8      | Reached XP level 9. HP: 22/85 MP: 8/8
  1300 | D:8      | Reached skill level 10 in Fighting
  1339 | D:8      | Noticed Psyche
  1350 | D:8      | Killed Psyche
  1442 | D:8      | Noticed Maurice
  1446 | D:8      | Reached skill level 11 in Fighting
  1462 | D:8      | Killed Maurice
  1462 | D:8      | Reached skill level 12 in Fighting
  1529 | D:9      | Noticed a hill giant
  1529 | D:9      | Noticed a troll
  1535 | D:9      | Killed a troll
  1538 | D:9      | Killed a hill giant
  1538 | D:9      | Reached skill level 13 in Fighting
  1538 | D:9      | Reached XP level 10. HP: 76/101 MP: 9/9
  1618 | D:9      | Found a staircase to the Orcish Mines.
  1628 | D:10     | Entered Level 10 of the Dungeon
  1667 | D:10     | Noticed a hill giant
  1671 | D:10     | Killed a hill giant
  1720 | D:11     | Noticed a hill giant
  1725 | D:11     | Killed a hill giant
  1725 | D:11     | Reached **** piety under Trog
  1725 | D:11     | Reached skill level 13 in Axes
  1757 | D:10     | Noticed a gargoyle
  1771 | D:10     | Killed a gargoyle
  1919 | D:10     | Reached skill level 14 in Axes
  1980 | D:12     | Found Iphoskem's Antique Armour Emporium.
  1984 | D:12     | Noticed a hill giant
  1995 | D:12     | Killed a hill giant
  1995 | D:12     | Reached skill level 15 in Axes
  1995 | D:12     | Reached XP level 11. HP: 21/107 MP: 10/10
  2007 | D:12     | Bought a dazzling shield for 237 gold pieces
  2017 | D:12     | Identified the +3 shield of Xom's Esteem {MP-9 Str+4 Slay+4 Stlth+} (You bought it in a shop on level 12 of the Dungeon)
  2044 | D:11     | Noticed a white ugly thing
  2048 | D:11     | Noticed a green ugly thing
  2054 | D:11     | Killed a white ugly thing
  2055 | D:11     | Killed a green ugly thing
  2110 | D:11     | Noticed a hill giant
  2114 | D:11     | Found a staircase to the Lair.
  2121 | D:11     | Killed a hill giant
  2126 | D:11     | Noticed a deep elf mage
  2131 | D:11     | Reached skill level 16 in Axes
  2171 | D:11     | Killed a deep elf mage
  2201 | D:11     | Killed an unseen horror
  2241 | Lair:1   | Entered Level 1 of the Lair of Beasts
  2242 | Lair:1   | Noticed Implojin's ghost (novice MiBe)
  2250 | Lair:1   | Killed Implojin's ghost
  2250 | Lair:1   | Reached skill level 17 in Axes
  2401 | Lair:3   | Reached skill level 14 in Fighting
  2482 | Lair:2   | Noticed a five-headed hydra
  2509 | Lair:4   | Found a staircase to the Shoals.
  2554 | Lair:4   | Noticed a six-headed hydra
  2585 | Lair:5   | Reached XP level 12. HP: 75/118 MP: 2/11
  2646 | Lair:5   | Reached skill level 15 in Fighting
  2683 | Lair:6   | Entered Level 6 of the Lair of Beasts
  2727 | Lair:6   | HP: 4/181 [black mamba (13)]
  2731 | Lair:6   | HP: 1/122 [poisoned by a black mamba]
  2799 | Lair:6   | Slain by a swamp worm

Vault maps used:
D:1:      dpeg_arrival_ternary, serial_bayou_lagoon_a
D:2:      johnstein_pakellas_dig
D:4:      amethyst_overflow_temple_binary, hangedman_abyss_or_decor_stagger,
          grunt_ministairs_7, kennysheep_windowed_goal
D:5:      yredelemnul_altar_generic, gammafunk_temple_overflow_elements,
          gammafunk_temple_overflow_pools, first_bread,
          minmay_misc_feat_enclosed, grunt_ministairs_1, uniq_edmund, uniq_pikel
D:6:      elyvilon_altar_1
D:7:      serial_shops, shop_fountains
D:8:      kennysheep_orc_sif_temple, old_standard_altar, uniq_psyche,
          uniq_erica, uniq_maurice
D:9:      zombieorc2_lemuel, tso_metal_star
D:10:     basic_altar
D:11:     erik_lair_island
D:12:     minmay_coctagon, serial_shops, shop, uniq_snorg
Lair:1:   grunt_megastairs_3, serial_bayou_shore_b
Lair:2:   wad_woods_road_03, grunt_megastairs_2
Lair:3:   nicolae_spider_entry_orb_guardian, lab_entry_generic,
          columned_hall_lemuel
Lair:4:   elwin_shoals_entry_rocks
Lair:5:   grunt_megastairs_5, uniq_rupert
Lair:6:   evil_forest, dpeg_slime_entry_enclosed_altar, worms_lemuel

Skill      XL: |  1  2  3  4  5  6  7  8  9 10 11 12 |
---------------+-------------------------------------+-----
Axes           | 5 6 7 8 9 11 12 15 17 | 17.0
Fighting       | 9 13 14 15 | 15.8
Armour         | |  2.4
Dodging        | |  2.1

Action                   |  1- 3 |  4- 6 |  7- 9 | 10-12 || total
-------------------------+-------+-------+-------+-------++-------
Melee: Hand axe          |    18 |    59 |    74 |       ||   151
       Headbutt          |     5 |    12 |    29 |    45 ||    91
       War axe           |       |       |    93 |   235 ||   328
Invok: Berserk           |     1 |     5 |     9 |    14 ||    29
       Trog's Hand       |       |       |     3 |    11 ||    14
       Burn Spellbooks   |       |       |     1 |       ||     1
       Brothers in Arms  |       |       |       |     3 ||     3
  Use: Scroll            |       |     3 |     6 |     5 ||    14
       Potion            |       |       |     2 |     4 ||     6
  Eat: Chunk             |       |     4 |     7 |    21 ||    32
       Meat ration       |       |       |     1 |     1 ||     2
       Beef jerky        |       |       |     1 |       ||     1
Armor: Scale mail        |     5 |     2 |       |       ||     7
       Plate armour      |       |    32 |   101 |       ||   133
       Quicksilver drago |       |       |     1 |    63 ||    64
Dodge: Dodged            |     9 |    22 |    71 |    76 ||   178
Block: Buckler           |       |       |       |    11 ||    11
       Shield            |       |       |       |    61 ||    61

Table legend:
 A = Turns spent in this place as a percentage of turns spent in the entire game.
 B = Non-inter-level travel turns spent in this place as a percentage of non-inter-level travel turns spent in the entire game.
 C = Inter-level travel turns spent in this place as a percentage of turns spent in this place.
 D = Turns resting spent in this place as a percentage of non-inter-level travel turns spent in this place.
 E = Turns spent auto-exploring this place as a percentage of non-inter-level travel turns spent in this place.
 F = Non-inter-level travel turns spent in this place divided by the number of levels of this place that you've seen.
                   A       B       C       D       E      F
               +-------+-------+-------+-------+-------+----------------------
         Total | 100.0 | 100.0 |   0.0 |   1.4 |   0.0 | 157.9
       Dungeon |  80.4 |  80.4 |   0.0 |   1.0 |   0.0 | 190.6
          Lair |  19.6 |  19.6 |   0.0 |   3.2 |   0.0 |  92.7
               +-------+-------+-------+-------+-------+----------------------

Table legend:
 A = Kills in this place as a percentage of kills in entire the game.
 B = Kills by you in this place as a percentage of kills by you in the entire game.
 C = Kills by friends in this place as a percentage of kills by friends in the entire game.
 D = Other kills in this place as a percentage of other kills in the entire game.
 E = Experience gained in this place as a percentage of experience gained in the entire game.
 F = Experience gained in this place divided by the number of levels of this place that you have seen.
                   A       B       C       D       E      F
               +-------+-------+-------+-------+-------+----------------------
         Total | 100.0 | 100.0 | 100.0 |  -nan | 100.0 | 1451.8
       Dungeon |  74.8 |  76.4 |  53.3 |  -nan |  61.6 | 1341.1
          Lair |  25.2 |  23.6 |  46.7 |  -nan |  38.4 | 1673.2
               +-------+-------+-------+-------+-------+----------------------
